 Dungeon Crawl Stone Soup version 0.29.1-1-gd02db6906a (webtiles) character file.

Game seed: 3973619696674195394

11 tardwrangler69 the Chopper (level 2, -1/27 HPs)
             Began as a Minotaur Chaos Knight on Sept 28, 2022.
             Was a Plaything of Xom.
             Slain by an iron imp (3 damage)
             ... summoned by Xom
             ... on level 1 of the Dungeon.
             The game lasted 00:00:22 (699 turns).

tardwrangler69 the Chopper (Minotaur Chaos Knight)   Turns: 699, Time: 00:00:23

Health: -1/27      AC:  5    Str: 16    XL:     2   Next: 13%
Magic:  1/1        EV: 11    Int:  9    God:    Xom [.*....]
Gold:   21         SH:  0    Dex:  9    Spells: 1/1 levels left

rFire   . . .      SeeInvis .   a - +0 hand axe (chaos)
rCold   . . .      Faith    .   (no shield)
rNeg    . . .      Spirit   .   b - +2 leather armour
rPois   .          Reflect  .   (helmet restricted)
rElec   .          Harm     .   (no cloak)
rCorr   .          Rampage  .   (no gloves)
Will    .....                   (no boots)
Stlth   +.........              (no amulet)
HPRegen 0.09/turn               (no ring)
MPRegen 0.07/turn               (no ring)

@: no status effects
A: horns 2, retaliatory headbutt
a: Renounce Religion


You were on level 1 of the Dungeon.
You worshipped Xom.
You were a plaything of Xom.
You visited 1 branch of the dungeon, and saw 1 of its levels.

You collected 21 gold pieces.

Inventory:

Hand Weapons
 a - a +0 hand axe of chaos (weapon)
Armour
 b - a +2 leather armour (worn)
Scrolls
 d - a scroll of teleportation {unknown}
 e - a scroll of enchant armour {unknown}
 f - a scroll of identify {unknown}
 h - a scroll of immolation {unknown}
Potions
 g - a potion of haste {unknown}
Miscellaneous
 c - a piece from Xom's chessboard (15/15) (quivered)


   Skills:
 + Level 3.9 Fighting
 * Level 4.2 Axes
 - Level 2.4 Armour
 - Level 1.1 Dodging


You had one spell level left.
You didn't know any spells.
Your spell library was empty.

Dungeon Overview and Level Annotations

Branches:
Dungeon (1/15)

Altars:

Annotations:
D:1 1 runed translucent door


Innate Abilities, Weirdness & Mutations

You have a pair of horns on your head.
You reflexively headbutt those who attack you in melee.


Message History

The iron imp is lightly wounded.
You closely miss the shadow imp. The iron imp hits you!
The shadow imp misses you.
You are too injured to fight recklessly!
You are too injured to fight recklessly!
You are too injured to fight recklessly!
You are too injured to fight recklessly!
You are too injured to fight recklessly!
You are too injured to fight recklessly!
You are too injured to fight recklessly!
You are too injured to fight recklessly!
You are too injured to fight recklessly!
You are too injured to fight recklessly!
You are too injured to fight recklessly!
You are too injured to fight recklessly!
You are too injured to fight recklessly!
You are too injured to fight recklessly!
You are too injured to fight recklessly!
You are too injured to fight recklessly!
You are too injured to fight recklessly!
You are too injured to fight recklessly!
You are too injured to fight recklessly!
You are too injured to fight recklessly!
You are too injured to fight recklessly!
The shadow imp puffs mist at you. The shadow imp hits you.
* * * LOW HITPOINT WARNING * * *
You see here a scroll labelled FIERRA XUX SOOSCH.
You hit the iron imp but do no damage.
The iron imp is lightly wounded.
You closely miss the shadow imp. The iron imp barely misses you.
The shadow imp barely misses you.
You hit the iron imp.
The iron imp goes berserk!
The iron imp is heavily wounded.
You hit the shadow imp but do no damage.
The shadow imp goes berserk!
The shadow imp hits you.
* * * LOW HITPOINT WARNING * * *
The iron imp hits you.
You die... "It was about time."

##############
#######.............
#.5@.....[....####.#
#..5.....#.###.####.#
#..#)#####...........
#..#.# #####.####..
#..#.#########.# #..
...#...........# #..
....###########.# #..
..... ....####.####..
#............


You could see an iron imp (summoned, berserk, very poisoned) and a shadow imp
(summoned, berserk).

Vanquished Creatures
  A bat (D:1)
  2 endoplasms (D:1)
  A giant cockroach (D:1)
  2 hobgoblins (D:1)
  A frilled lizard (D:1)
  A kobold (D:1)
  2 rats (D:1)
10 creatures vanquished.

Notes
Turn   | Place    | Note
-------+----------+-------------------------------------------
     0 | D:1      | tardwrangler69 the Minotaur Chaos Knight began the quest
                  | for the Orb.
     0 | D:1      | Reached XP level 1. HP: 19/19 MP: 0/0
     1 | D:1      | Found a runed translucent door.
    78 | D:1      | XOM: divination: detect creatures
   170 | D:1      | Reached skill level 4 in Axes
   337 | D:1      | XOM: blink monster(s)
   364 | D:1      | Reached XP level 2. HP: 27/27 MP: 1/1
   374 | D:1      | XOM: torment (15/27 hp)
   484 | D:1      | XOM: silly message
   568 | D:1      | Found a faded altar of an unknown god.
   596 | D:1      | XOM: smoke on damage
   677 | D:1      | XOM: silly message
   693 | D:1      | XOM: summons 2 hostile demons
   699 | D:1      | Slain by an iron imp

Illustrated notes

Levels and vault maps discovered:
D:1:      dpeg_arrival_caged_fury, layout_loops_ring, basic_ecumenical_altar,
          minmay_liquid_box, kennysheep_doodads

Skill      XL: |  1 |
---------------+----+-----
Axes           | 4 |  4.2
Fighting       | |  3.9
Armour         | |  2.4
Dodging        | |  1.1

Action                   || total
-------------------------++-------
Melee: Hand axe          ||    27
       Headbutt          ||     5
Armor: Leather armour    ||     8
Dodge: Dodged            ||    15
